AoeStats
← Patoown

Arabian Desert

509036580Analyzed
1v1 RM · 6d ago on Sep 25, 2026· 21m 11s· 2 players
Game mode
Random Map
Map size
Tiny (2 player)
Population
200
Speed
Normal
Resources
Standard
Victory
Conquest
Starting age
Dark Age
Ending age
Imperial Age
RankedLock teamsTeams togetherTeam positionsShared explorationLock speedFull tech treeHidden civsTurbo modeCheats
Victory
Defeat
🇷🇴 Britons · Romania
853
+14
🇨🇱 Franks · Chile
817
-14
Patoown
7:05 Loom
9:54 Feudal Age
10:20 Double-Bit Axe
14:25 Wheelbarrow
14:26 Scale Barding Armor
18:08 Forging
ardeiute
7:24 Loom
9:55 Feudal Age
11:08 Double-Bit Axe
19:33 Fletching
19:44 Padded Archer Armor
Connection lost

Rejoining the realm…

Still unreachable

The connection could not be restored.

Session expired

The server has moved on; the page needs a fresh start.